[Event "40th Cappelle Open 2024"]
[Site "Cappelle-la-Grande"]
[Date "2024.03.08"]
[Round "9.9"]
[White "Boyer, Mahel"]
[Black "Vlachos, Anatole"]
[Result "1-0"]
[ECO "D36"]
[WhiteElo "2415"]
[BlackElo "2479"]
[Annotator "TA"]
[PlyCount "89"]
[EventDate "2024.03.02"]
[EventType "swiss"]
[EventCountry "FRA"]
[SourceTitle "playchess.com"]
[Source "ChessBase"]
[SourceQuality "1"]
[TimeControl "40/5400+30:1800+30"]

1. d4 d5 2. c4 e6 3. Nc3 Nf6 4. cxd5 exd5 5. Bg5 c6 6. e3 Be7 7. Bd3 Nbd7 8. h3 O-O 9. Nf3 Re8 10. O-O Ne4 11. Bf4 Ndf6 12. Qc2 Bd6 13. Ne5 g6 14. f3 Nxc3 {[%emt 0:00:22] Die Stellung ist ausgeglichen.} 15. bxc3 Nh5 16. Bh2 f6 17. Ng4 {[%emt 0:13:03] Und Bxd6 würde nun gewinnen.} Bxh2+ 18. Kxh2 Qd6+ 19. f4 {[%emt 0:00:22][%cal Od3g6] Schwarz muss nun Bxg6! beachten.} Ng7 20. Rae1 Kf8 {[%emt 0:01:34] [#]} 21. Ne5 $1 Qd8 {[%emt 0:11:09] [#]} (21... Bf5 $11) (21... Kg8 22. Ng4) 22. Nf3 $2 (22. Bxg6 $1 $16 hxg6 23. Qxg6) 22... Bf5 $11 23. g4 Bxd3 24. Qxd3 Qd6 25. g5 ({Vorzuziehen ist} 25. Nd2 $11) 25... Nf5 $15 26. Kg2 Re4 (26... fxg5 $15 27. Nxg5 Qd7) 27. gxf6 $11 Qxf6 28. Ng5 Re7 {[%emt 0:00:41] Droht stark ...Rae8.} 29. e4 dxe4 30. Rxe4 Rae8 {[%emt 0:02:58] ...h6 wäre nun fies.} 31. Rfe1 Kg7 32. Re5 c5 33. Rxe7+ Rxe7 34. Rxe7+ Qxe7 35. dxc5 {[%emt 0:00:02][%mdl 4096] Endspiel. KQN-KQN} Kh6 36. Ne4 Qe6 37. c4 Qa6 38. a3 Qa5 39. Kf2 Qc7 40. Kf3 Qe7 $2 {[%emt 0:03:41] [#]} (40... Qc6 $11 {und Schwarz muss sich keine Sorgen machen.}) 41. Nd6 $1 $18 Nh4+ 42. Kg4 Ng2 $2 (42... Nf5 $16 {leistet mehr Widerstand.}) 43. Kg3 {[%emt 0:01:04] Weiß steht klar auf Gewinn.} Nh4 {[%emt 0:06:47] Wehrt Nf5+ ab. ( -> ...Qe1+)} 44. Qd4 {[%emt 0:04:57] Droht Qe5 und aus. Aktives Gegenspiel!} g5 45. Qe5 {[%emt 0:00:45] Gewichteter Fehlerwert: Weiß=0.11 (sehr präzise) /Schwarz=0.30.  Verlustzug:     	---       	Schwarz=2     Fehler:       	Weiß=2     	Schwarz=2     OK:         	Weiß=13    	Schwarz=16    Bester:       	Weiß=4     	Schwarz=1     Stark:        	Weiß=1     	---} 1-0

[Event "40th Cappelle Open 2024"]
[Site "Cappelle-la-Grande"]
[Date "2024.03.08"]
[Round "9.10"]
[White "Velten, Paul"]
[Black "Pacher, Milan"]
[Result "0-1"]
[ECO "C45"]
[WhiteElo "2475"]
[BlackElo "2393"]
[Annotator "RC"]
[PlyCount "78"]
[EventDate "2024.03.02"]
[EventType "swiss"]
[EventCountry "FRA"]
[SourceTitle "playchess.com"]
[Source "ChessBase"]
[SourceQuality "1"]
[TimeControl "40/5400+30:1800+30"]

1. e4 e5 2. Nf3 Nc6 3. d4 exd4 4. Nxd4 Nf6 5. Nxc6 bxc6 6. Nd2 Bc5 7. Nb3 Bb6 8. e5 Qe7 9. Qe2 Nd5 10. c4 Nb4 11. a3 Na6 12. Bf4 Rb8 13. O-O-O Bxf2 14. Qxf2 Rxb3 15. Bd3 Nc5 16. Bc2 Rb8 17. Rhe1 Ne6 18. Bg3 c5 19. Bh4 g5 20. Bg3 Bb7 21. h4 Bc6 22. Kb1 h6 23. hxg5 hxg5 24. Rh1 Rf8 25. Rh7 Kd8 26. Qe3 Nd4 27. Rd2 Kc8 28. Ka2 Qe6 29. Qc3 Nxc2 30. Qxc2 f5 31. exf6 Be4 32. Rhxd7 Qxd7 33. Qc3 Qe6 34. Be5 Rd8 35. Rf2 Bg6 36. Re2 Bd3 37. Qa5 Qxc4+ 38. Ka1 Qc1+ 39. Ka2 Qb1# 0-1

[Event "40th Cappelle Open 2024"]
[Site "Cappelle-la-Grande"]
[Date "2024.03.08"]
[Round "9.11"]
[White "Agdelen, Huseyin Can"]
[Black "Degraeve, Jean-Marc"]
[Result "1/2-1/2"]
[ECO "B32"]
[WhiteElo "2408"]
[BlackElo "2455"]
[Annotator "TA"]
[PlyCount "89"]
[EventDate "2024.03.02"]
[EventType "swiss"]
[EventCountry "FRA"]
[SourceTitle "playchess.com"]
[Source "ChessBase"]
[SourceQuality "1"]
[TimeControl "40/5400+30:1800+30"]

1. e4 c5 2. Nf3 Nc6 3. d4 cxd4 4. Nxd4 e5 5. Nb5 d6 6. c4 Be7 7. Bd3 a6 8. N5c3 Bg5 9. Nd2 Nf6 {[%emt 0:01:50][%cal Bg8f6,Bf6d7,Bd7c5][%mdl 32] The position is equal.} 10. h3 O-O 11. b3 Nd7 12. Bb2 Nc5 13. Nf3 Bh6 14. O-O g6 15. Bc2 Ne6 16. Nd5 Ned4 17. Nxd4 Nxd4 18. f4 Be6 19. Bxd4 (19. fxe5 {is interesting.} dxe5 20. Nf6+ Kg7 21. Bd3) 19... exd4 20. Nb4 a5 21. Nd3 Bd7 22. Qd2 Re8 23. Rae1 Qh4 24. Nc1 g5 25. fxg5 (25. Rf2 {looks sharper.} gxf4 26. Qxd4 a4 27. Ref1) 25... Bxg5 26. Qxd4 Bxh3 27. Qxd6 (27. gxh3 Qg3+ 28. Kh1 Qxh3+ 29. Kg1 Qg3+ 30. Kh1 Re6) (27. Nd3 $11 {remains equal.}) 27... Bg4 $1 $17 28. Bd1 Bxd1 (28... Bxc1 29. Bxg4 Bb2 30. Bh3 $11) 29. Qxd1 Bf4 $1 ({Don't take} 29... Rxe4 30. Rxe4 Qxe4 31. Qh5 $15) 30. Rxf4 Qxf4 31. Nd3 Qd6 32. Qf3 Rad8 33. Nf4 Qd4+ 34. Kh1 (34. Kf1 $17 {was called for.}) 34... Rd6 $19 35. Nh5 Rh6 (35... Re5 $19 {...Qd2 is the strong threat.} 36. Qg4+ Kf8 37. Qg7+ Ke8 (37... Ke7 $2 38. Nf4 $19)) 36. Rf1 {[%emt 0:00:09] [#]} (36. g4 $17) 36... Rf8 ({Weaker is} 36... Rxe4 37. Qxf7+ Kh8 38. Qf8#) (36... f6 $1 $19 37. Re1 Kh8) 37. Qf5 Kh8 {[%emt 0:01:11] aiming for ...Rg8.} 38. g4 Qd3 (38... Re8 $19 39. Rf4 f6) 39. Kg2 $15 Rg6 $2 {[%emt 0:00:26] [#]} (39... Qc3 $15 {stays ahead.}) 40. Nf4 $1 $16 {[%emt 0:00:25] Some like it hot} Qd2+ 41. Rf2 Qd1 42. Nxg6+ hxg6 43. Qf3 ({Much worse is} 43. Qxa5 $6 Qxg4+ 44. Kh2 Qxe4 $15) 43... Qd7 44. Kg3 Kg8 45. Qf6 {[%emt 0:00:00] Black had all chances to win.   Weighted Error Value: White=0.21 (precise) /Black=0.24 (precise) .  Mistake:       	White=4     	Black=4      Inaccurate:     	White=3     	Black=1      OK:         	White=12    	Black=12     Best:        	White=3     	Black=1      Strong:       	White=1     	Black=2} ({White should try} 45. e5 $14) 1/2-1/2

[Event "40th Cappelle Open 2024"]
[Site "Cappelle-la-Grande"]
[Date "2024.03.08"]
[Round "9.12"]
[White "Duboue, Peio"]
[Black "Bogdanov, Egor"]
[Result "1/2-1/2"]
[ECO "B22"]
[WhiteElo "2454"]
[BlackElo "2409"]
[Annotator "TA"]
[PlyCount "268"]
[EventDate "2024.03.02"]
[EventType "swiss"]
[EventCountry "FRA"]
[SourceTitle "playchess.com"]
[Source "ChessBase"]
[SourceQuality "1"]
[TimeControl "40/5400+30:1800+30"]

1. e4 c5 2. c3 Nf6 3. e5 Nd5 4. d4 cxd4 5. Nf3 e6 6. cxd4 b6 7. Bc4 Bb7 8. O-O Be7 9. Qe2 O-O 10. Rd1 Qc7 11. Bd2 {[%emt 0:13:21] Weiß hat minimalen Vorteil.} d6 12. Na3 a6 13. Rac1 Qd8 14. Bd3 Nd7 {[%emt 0:05:15] [#]} 15. h4 b5 $11 16. Qe4 g6 $1 17. Qg4 dxe5 18. dxe5 h5 (18... N5b6 $11 19. Bh6 Bxf3 20. Qxf3 Nxe5) 19. Qg3 $14 {[%emt 0:01:00][%cal Od3g6] Droht stark Bxg6!} Kg7 20. Nd4 (20. Bb1 $14) 20... Qb6 $11 ({Falsch wäre} 20... Nc5 $2 21. Rxc5 Qb6 (21... Bxc5 $2 {ist das falsche Schlagen.} 22. Nxe6+ Kh7 23. Nxc5 $18) 22. b4 $18) 21. Nf3 Rac8 22. Bb1 Rxc1 23. Rxc1 Rc8 24. Rxc8 Bxc8 25. Nc2 Nc5 (25... Bb7 $11) 26. Ncd4 Na4 27. Bg5 Qc5 28. Be4 {[%emt 0:01:36] Schwarz muss nun Bxd5 beachten.} Nab6 29. Bxd5 Nxd5 30. Bxe7 Nxe7 31. Qg5 {[%emt 0:00:35] Verhindert Qc1+} Nd5 {[%emt 0:00:47] Pariert Qf6+. Schwarz hat schwache schwarze Felder} 32. a3 b4 33. axb4 Qxb4 34. Qd8 {[%emt 0:01:59] Es drohte Qxb2} Bb7 35. b3 Qe7 36. Qxe7 Nxe7 {[%emt 0:00:02][%mdl 4096] Endspiel. KBN-KNN} 37. Nd2 Nd5 38. g3 Nb6 39. Kf1 a5 40. Ke2 a4 41. bxa4 Nxa4 42. Kd3 Bd5 43. Nb5 Nc5+ 44. Kd4 Nd7 45. Nc7 Bc6 46. Ne8+ Kf8 47. Nf6 Ke7 48. Nxd7 Kxd7 {[%emt 0:00:00] KB-KN} 49. Ke3 Ke7 50. Nb3 Bd5 51. Nc5 Bc6 52. Nd3 Bb5 53. Nb4 Ba4 54. Kd4 Ke8 55. Kc5 Ke7 56. Na2 Bd7 57. Nc3 Be8 58. Ne4 Ba4 59. Nf6 {[%emt 0:00:00] Nh7 wäre nun fies.} Bd1 $2 ({Vorzuziehen ist} 59... Kf8 $14) 60. Kd4 $2 (60. Nh7 $18) 60... Kf8 $1 $14 61. Ke3 {[%emt 0:00:00] Verhindert Bf3} (61. Ne4 $14) 61... Ba4 62. Kf4 Kg7 63. Ne4 Bc6 64. Nc5 Kh6 65. Nb3 Bd5 66. Nd4 Bc4 67. Nf3 Bd5 68. Nd2 Ba2 69. Ne4 Bb3 70. Nd6 Kg7 71. Kg5 Bd1 72. Nb5 Be2 73. Nd4 Bd3 74. f3 Bb1 75. Nb3 Bc2 76. Nd2 Bd1 77. g4 hxg4 $1 78. fxg4 Be2 79. Ne4 Bd3 80. Nd6 $1 Bc2 81. h5 gxh5 82. gxh5 Bd3 83. h6+ Kh7 84. Nxf7 Bc4 85. Nd6 $1 Bd5 86. Ne8 Bc4 87. Nf6+ Kh8 88. Ne4 Kh7 89. Nc3 Bb3 90. Ne2 Bc4 91. Nc3 Bb3 92. Ne4 Bc4 93. Nc5 Bd5 94. Nd7 Bc4 95. Nf8+ Kg8 96. Kf6 Ba2 97. Ke7 (97. Nxe6 $5 Kh7 $8 98. Nf8+ Kxh6 99. Ne6 $11) 97... Bc4 (97... Bd5 $5) 98. Kf6 Ba2 99. Nd7 (99. h7+ $5 Kh8 100. Kg6 $16 (100. Nxe6 Kxh7 101. Nd4 Kh8 $11)) 99... Kh7 100. Kg5 Bc4 101. Nf6+ Kh8 102. Kh5 Be2+ 103. Kh4 Bd1 104. Ne4 {[%emt 0:00:26] Weiss droht Nc5 und Matt.} Kh7 105. Kg5 {[%emt 0:00:05] Weiss will mit Nc5 Matt setzen.} Bb3 106. Nf6+ Kh8 107. Kg6 Bc2+ 108. Kf7 Bb3 $1 109. Kf8 Ba2 110. Ke8 Bb3 111. Kd8 Ba2 112. Kc7 Bb3 113. Kb6 Ba2 114. Ka5 Bb3 115. Kb4 Ba2 {[%emt 0:00:23] [#]} (115... Bc2 $11 {bleibt in der Remisbreite.}) 116. Kc3 (116. Ne4 $1 $16 {[%cal Re4c3] Droht Matt per Nc3.} Bb1 117. Ng5) 116... Bb1 $11 117. Kb2 Bd3 118. Kc1 Bc4 119. Kc2 Bb3+ 120. Kc3 (120. Kd2 $5) 120... Ba2 121. Kb4 Bb1 {[%emt 0:00:08] Lässt Ne4 nicht zu} 122. Kc5 Ba2 123. Kd6 Bc4 124. Ne4 ({Besser ist} 124. Kc6 $16) 124... Kh7 {[%emt 0:00:09] Die Stellung ist ausgeglichen.} 125. Ng5+ Kxh6 126. Nxe6 Ba2 127. Nc7 Bg8 128. Nd5 Kg5 129. Nf6 Bf7 130. Ne4+ Kf4 131. Nc5 Bg8 132. Nd7 Bf7 133. Ke7 Ba2 134. Kf6 Bb3 {[%emt 0:00:45] Gewichteter Fehlerwert: Weiß=0.13 (sehr präzise) /Schwarz=0.14 (sehr präzise) .  Verlustzug:     	---       	Schwarz=1     Gewinn verpasst:   	Weiß=1     	---        Fehler:       	Weiß=5     	Schwarz=3     Ungenau:       	Weiß=5     	Schwarz=2     OK:         	Weiß=34    	Schwarz=46    Bester:       	Weiß=4     	Schwarz=16    Stark:        	Weiß=2     	Schwarz=4} 1/2-1/2

[Event "40th Cappelle Open 2024"]
[Site "Cappelle-la-Grande"]
[Date "2024.03.09"]
[Round "9.13"]
[White "Riff, Jean-Noel"]
[Black "Nikolov, Momchil"]
[Result "1/2-1/2"]
[ECO "C02"]
[WhiteElo "2401"]
[BlackElo "2453"]
[Annotator "TA"]
[PlyCount "39"]
[EventDate "2024.03.02"]
[EventType "swiss"]
[EventCountry "FRA"]
[SourceTitle "playchess.com"]
[Source "ChessBase"]
[SourceQuality "1"]
[TimeControl "40/5400+30:1800+30"]

1. e4 c5 2. Nf3 e6 3. c3 d5 4. e5 Nc6 5. d4 cxd4 6. cxd4 Nge7 7. Na3 Nf5 8. Nc2 Be7 9. Bd3 Bd7 10. O-O h5 11. a3 Na5 {[%emt 0:03:27][%cal Bc6a5,Ba5b3,Bb3d2][%mdl 32] Weiß hat minimalen Vorteil.} 12. Bd2 Nb3 13. Rb1 Nxd2 14. Qxd2 g6 15. Ne3 Rc8 16. Rfc1 Rxc1+ 17. Rxc1 Nxe3 18. Qxe3 Qb6 19. h3 Rf8 20. Rc2 {[%emt 0:06:52] Gewichteter Fehlerwert: Weiß=0.09 (makellos) /Schwarz=0.11 (sehr präzise) .  Ungenau:       	Weiß=1     	Schwarz=2     OK:         	Weiß=2     	---} 1/2-1/2

[Event "40th Cappelle Open 2024"]
[Site "Cappelle-la-Grande"]
[Date "2024.03.08"]
[Round "9.14"]
[White "Girel, Joseph"]
[Black "Defromont, Benjamin"]
[Result "1-0"]
[ECO "E94"]
[WhiteElo "2486"]
[BlackElo "2401"]
[Annotator "TA"]
[PlyCount "165"]
[EventDate "2024.03.02"]
[EventType "swiss"]
[EventCountry "FRA"]
[SourceTitle "playchess.com"]
[Source "ChessBase"]
[SourceQuality "1"]
[TimeControl "40/5400+30:1800+30"]

1. d4 Nf6 2. c4 g6 3. Nc3 Bg7 4. e4 d6 5. Nf3 O-O 6. Be2 Na6 7. O-O e5 8. Re1 h6 9. Bf1 Bg4 10. dxe5 Bxf3 ({Besser ist} 10... dxe5 $14 11. Qxd8 Raxd8) 11. Qxf3 $16 dxe5 12. Be3 (12. Rd1 $16 Qb8 13. Be3) 12... Nd7 (12... c6 $14) 13. Qh3 {[%emt 0:05:41][%cal Oa1d1] Weiß steht deutlich aktiver.} Ndc5 14. Bxh6 Bxh6 15. Qxh6 {[%emt 0:00:05] Droht stark Re3.} c6 16. Rab1 Ne6 17. b4 Qf6 18. c5 Nac7 19. Bc4 Rfd8 20. Qe3 Rd4 21. Bxe6 Nxe6 22. Ne2 Rd7 23. Rbd1 Rad8 24. Qc1 Nd4 25. Nxd4 Rxd4 26. a3 Qe6 27. Qc2 Rxd1 28. Rxd1 Rxd1+ 29. Qxd1 $11 {[%emt 0:00:02][%mdl 4096] Endspiel. KQ-KQ} Qc4 30. Qe1 Qd3 31. a4 a5 $1 32. bxa5 Qc2 33. h3 Qxc5 34. Qb1 Kg7 35. Qb6 (35. Qxb7 $5 Qc1+ $8 36. Kh2 Qf4+ 37. Kh1 Qc1+ 38. Kh2 Qf4+ 39. Kh1 Qc1+ 40. Kh2 $11) 35... Qc4 36. g3 Qxa4 (36... Qxe4 $11 {bleibt in der Remisbreite.} 37. Qxb7 Qe1+ 38. Kg2 Qe4+ 39. Kh2 Qd4) 37. Qxb7 $16 Qxa5 {[%emt 0:00:56] Und jetzt ...Qe1+ wäre schön.} 38. Qxc6 Qd8 39. Kg2 Qg5 $2 (39... Qe7 $16) 40. Qd5 $2 (40. Qd6 $18 {ist der präzise Gewinnweg.}) 40... Qe7 41. h4 Qf6 42. Qc5 Qe6 43. Qc3 Kh7 44. Qf3 Kh6 45. Qe3+ Kg7 46. Qg5 f6 47. Qd2 Qg4 48. Qb4 Qd7 {[%emt 0:00:32] Wehrt Qe7+ ab} 49. Qc5 Qe6 50. Qc7+ Kh6 51. Qb8 Kg7 {[%emt 0:00:14] Pariert Qh8+.} 52. Qb7+ Kh8 53. Qd5 Qe7 54. Qd1 Qf7 55. Kh3 Kh7 56. Qd6 Kg7 57. Kg2 Qb7 58. Qd5 Qe7 59. Kf3 Qa3+ 60. Kg4 Qa7 61. Kf3 Qa3+ $1 62. Ke2 $1 Qa6+ 63. Qd3 Qa2+ 64. Kf1 Qe6 65. Qf3 Qf7 66. g4 Qe6 67. Kg2 Qc8 68. h5 {[%emt 0:04:11] Droht Matt per hxg6.} Qc1 (68... Qd8 $16) 69. hxg6 $1 $18 Kxg6 70. Qf5+ Kg7 {[%emt 0:00:17] [#]} 71. g5 $1 fxg5 ({Schwächer ist} 71... Qxg5+ 72. Qxg5+ fxg5 73. Kf3 Kh7 74. Kg4 Kg6 75. f3 Kf6 76. Kh5) 72. Qxe5+ Kg6 {[%emt 0:00:36] [#]} 73. Qf5+ $1 Kh6 {[%emt 0:01:07] [#]} 74. Qf6+ $1 Kh7 75. e5 {[%emt 0:00:42][%cal Be4e5,Be5e6][%mdl 32] Droht Qe7+ und aus.} Kg8 $2 (75... Qd2 $14 76. Qf5+ Kh6) 76. e6 {[%emt 0:02:00] Weiß setzt Matt.} Qc6+ 77. Kg3 Qd6+ 78. Kg4 Qd1+ 79. Qf3 Qd4+ 80. Kxg5 Qg7+ 81. Kh4 Qh6+ 82. Qh5 Qxe6 83. Qg4+ {[%emt 0:00:08] Gewichteter Fehlerwert: Weiß=0.13 (sehr präzise) /Schwarz=0.15 (sehr präzise) .  Verlustzug:     	---       	Schwarz=2     Gewinn verpasst:   	Weiß=1     	---        Fehler:       	Weiß=1     	Schwarz=4     Ungenau:       	Weiß=4     	Schwarz=3     OK:         	Weiß=18    	Schwarz=24    Bester:       	Weiß=5     	Schwarz=7     Stark:        	Weiß=4     	Schwarz=2     Brilliant:      	Weiß=1     	---} 1-0

[Event "40th Cappelle Open 2024"]
[Site "Cappelle-la-Grande"]
[Date "2024.03.08"]
[Round "9.15"]
[White "Bourquin, Pascal"]
[Black "Roshka, Yevgeniy"]
[Result "0-1"]
[ECO "A28"]
[WhiteElo "2243"]
[BlackElo "2468"]
[Annotator "TA"]
[PlyCount "49"]
[EventDate "2024.03.02"]
[EventType "swiss"]
[EventCountry "FRA"]
[SourceTitle "playchess.com"]
[Source "ChessBase"]
[SourceQuality "1"]
[TimeControl "40/5400+30:1800+30"]

1. c4 e5 2. Nc3 Nc6 3. d3 Bb4 4. Bd2 Nf6 5. Nf3 O-O 6. a3 Bxc3 7. Bxc3 Re8 (7... e4 {hält die Spannung aufrecht.} 8. Nd4 exd3 9. e3 Ne4) 8. e3 {[%emt 0:04:49] Die Stellung ist ausgeglichen.} d5 9. cxd5 Nxd5 10. Be2 Bg4 11. O-O Qd6 12. d4 e4 {[%emt 0:14:17][%cal Od5c3] [#] Droht stark ...Nxc3!} 13. Nd2 Bxe2 14. Qxe2 Qg6 15. Rfc1 (15. f3 $11 {verdient Beachtung.}) 15... Rad8 16. b4 Nce7 17. Nf1 h5 {[%emt 0:04:53] Weiss ist schwach auf den weissen Feldern} 18. Bd2 Rd6 $40 {[%emt 0:04:49][%mdl 128] Schwarz startet einen Angriff.} 19. f4 {[%emt 0:02:50] Davon erholt Weiß sich nicht mehr.} (19. a4 $15) 19... exf3 $19 20. Qxf3 Rf6 {[%emt 0:00:27] Pariert e4.} 21. Qh3 (21. Qe2 $142) 21... Nf5 {[%emt 0:00:58] Und ...Re4 würde nun gewinnen. Hervorragende Reitkunst.} 22. Rc5 c6 23. b5 Re4 {[%emt 0:00:06] [#] Droht ...Rh4 und aus.} 24. bxc6 bxc6 {[%emt 0:00:04] ...Rh4 wäre nun fies.} 25. Ng3 {[%emt 0:09:33] Gewichteter Fehlerwert: Weiß=0.38/Schwarz=0.05 (makellos) .  Fehler:       	Weiß=4     	---        Ungenau:       	---       	Schwarz=1     OK:         	Weiß=3     	Schwarz=7     Bester:       	Weiß=1     	Schwarz=2} (25. Re1 $142) 0-1

[Event "40th Cappelle Open 2024"]
[Site "Cappelle-la-Grande"]
[Date "2024.03.08"]
[Round "9.16"]
[White "Wirig, Anthony"]
[Black "Bauduin, Etienne"]
[Result "1-0"]
[ECO "D37"]
[WhiteElo "2462"]
[BlackElo "2191"]
[Annotator "TA"]
[PlyCount "81"]
[EventDate "2024.03.02"]
[EventType "swiss"]
[EventCountry "FRA"]
[SourceTitle "playchess.com"]
[Source "ChessBase"]
[SourceQuality "1"]
[TimeControl "40/5400+30:1800+30"]

1. d4 Nf6 2. Nf3 e6 3. c4 d5 4. Nc3 h6 5. e3 Bd6 6. Qc2 Nbd7 7. cxd5 exd5 8. Nb5 {[%emt 0:00:30] The position is equal.} Ne4 (8... Bb4+ $11 9. Bd2 Bxd2+ 10. Nxd2 c6 11. Nd6+ Ke7 12. Nxc8+ Rxc8) 9. Nd2 ({Better is} 9. Nxd6+ $16 Nxd6 10. Bd3) 9... f5 (9... Ndf6 $11 {remains equal.}) 10. Bd3 $16 Nb6 11. Nxd6+ cxd6 12. O-O O-O 13. f3 Ng5 14. Nb1 f4 15. Nc3 Ne6 16. Qf2 (16. a4 {looks sharper.} fxe3 17. a5 Nxd4 18. Qd1) 16... Bd7 17. exf4 Nxf4 18. Bxf4 Rxf4 19. Ne2 (19. a4 $16) 19... Rf8 $14 20. b3 (20. Rfe1 {is more complex.} Qg5 21. Nc3 Rae8 22. b3) 20... Bf5 21. Bxf5 Rxf5 22. Rac1 Rf7 23. Rc3 Nd7 24. Qe3 Qf6 25. Rc7 Re7 26. Qd2 Rae8 27. Nc3 $36 {[%emt 0:00:31][%mdl 2048] Black is under strong pressure. White is more active.} (27. Rxb7 $2 {is the wrong capture.} Rxe2 28. Qd3 Qg5 $19) 27... Nb6 28. Rxe7 Qxe7 29. Rc1 a6 30. Kf1 Qh4 31. Kg1 Qe7 32. g3 Qe3+ (32... Nd7 $14) 33. Qxe3 $16 Rxe3 {[%emt 0:00:06][%mdl 4096] Endgame. KRN-KRN} 34. Kf2 Rd3 (34... Re8 $16) 35. Ke2 (35. Rc2 $18 {is more deadly.}) 35... Rxd4 36. a3 {[%emt 0:00:02] [#] aiming for Ke3.} Nc4 {[%emt 0:02:31][%mdl 8192] Loses the game.} 37. bxc4 $18 dxc4 38. Rd1 {[%emt 0:00:46] Dodges Rd3} Rxd1 39. Nxd1 ({Much less strong is} 39. Kxd1 Kf7 40. Kd2 Ke6 $18) 39... Kf7 40. Ke3 Ke6 41. Ke4 {[%emt 0:38:49] Weighted Error Value: White=0.15 (very precise) /Black=0.39.  Loses game:     	---       	Black=1      Mistake:       	White=3     	Black=4      Inaccurate:     	White=3     	Black=5      OK:         	White=15    	Black=8      Best:        	White=2     	Black=3} 1-0

[Event "40th Cappelle Open 2024"]
[Site "Cappelle-la-Grande"]
[Date "2024.03.08"]
[Round "9.17"]
[White "Lesueur, Gabriel"]
[Black "Firat, Burak"]
[Result "0-1"]
[ECO "D00"]
[WhiteElo "2207"]
[BlackElo "2439"]
[Annotator "TA"]
[PlyCount "92"]
[EventDate "2024.03.02"]
[EventType "swiss"]
[EventCountry "FRA"]
[SourceTitle "playchess.com"]
[Source "ChessBase"]
[SourceQuality "1"]
[TimeControl "40/5400+30:1800+30"]

1. d4 Nf6 2. Nc3 d5 3. Bf4 a6 4. e3 e6 5. g4 Bb4 6. Nge2 Ne4 {[%emt 0:02:54][%cal Oe6e5] Threatens to win with ...e5!} 7. Bg2 Nxc3 8. Nxc3 {[%emt 0:01:02] The position is equal.} Nd7 9. Qd3 O-O 10. O-O-O c5 11. e4 (11. dxc5 $11 Qa5 12. a3 Nxc5 13. Qd4 Bxc3 14. Qxc3 Qxc3 15. bxc3) 11... cxd4 $17 12. Qxd4 Bc5 13. Qd2 d4 {[%emt 0:00:56][%cal Oe6e5] [#] Hoping for ...e5!} 14. Ne2 ({White must play} 14. Na4 $15 Ba7 15. b3) 14... e5 15. Bg3 Nb6 $36 {[%emt 0:03:48][%mdl 2048] aiming for ...Nc4. Black is in control.} 16. Bxe5 $2 (16. Qd3 $17 {was the only chance.} Re8 (16... Bxg4 17. Bxe5 Re8 18. f3 $17) 17. f4) 16... Nc4 $1 $19 (16... Bxg4 17. Qd3 $15) 17. Qf4 Qb6 18. b3 Nxe5 19. Qxe5 Bxg4 20. f3 Rfe8 21. Qg3 Be6 {[%emt 0:00:15] Strongly threatening ...a5. A strong pair of Bishops.} 22. Bh3 $2 (22. f4) 22... Rac8 $2 (22... d3 $19 {and Black stays clearly on top.} 23. Rxd3 Bc4 24. bxc4 Be3+ 25. Rxe3 Qxe3+ 26. Kb2 (26. Kd1 $2 Red8+ 27. Ke1 Rd2 $19) 26... Qxe2) 23. Kb1 Bd6 24. f4 (24. Qg2 $17) 24... Qc5 25. Nxd4 Bxh3 26. e5 {[%emt 0:07:09] [#]} Bxe5 $1 27. fxe5 Bf5 28. Rhg1 (28. Rd2 $17 {was necessary.} Be4 (28... Qxe5 29. Nxf5 Qxf5 30. Qg2 $19) 29. Re1 Rxe5 (29... Qxe5 $2 30. Kb2 $19) 30. Kb2) 28... Bxc2+ 29. Kb2 Bg6 30. Rge1 Rcd8 31. Qh4 (31. Qc3 {is a better chance.} Qxc3+ (31... Rxe5 $2 32. Qxc5 Rxc5 33. Nf5 $19) 32. Kxc3) 31... Rd5 32. e6 fxe6 33. Rxe6 Rxe6 34. Nxe6 Qc2+ 35. Ka3 Qxd1 36. Qe7 Ra5+ 37. Kb4 Qd2+ (37... Rxa2 38. Qxg7#) 38. Kc4 Qd3+ 39. Kb4 Qb5+ (39... Rxa2 40. Qxg7#) 40. Kc3 Qc6+ (40... Rxa2 41. Qxg7#) 41. Kb4 Qb5+ (41... Rxa2 42. Qxg7#) 42. Kc3 Qd3+ $2 (42... Rxa2 43. Qxg7#) (42... Qe5+ {mates} 43. Nd4 Qxe7 44. a4 Qe1+ (44... Qc5+ 45. Kb2 Qxd4+ 46. Ka2 Qd2+ 47. Ka3 b5 48. b4 Rxa4+ 49. Kb3 Qxb4#) 45. Kb2 Rc5 46. Ka2 a5 (46... Qb1+ 47. Ka3 a5 48. Nc2 Qc1+ 49. Ka2 Rxc2#) 47. h3 Qb1+ 48. Ka3 Qa1#) 43. Kb4 $15 Qd2+ ({Weaker is} 43... Rxa2 44. Qxg7#) (43... Ra4+ $5 44. bxa4 a5+ 45. Kxa5 Qa6+ 46. Kb4 Qb6+ 47. Kc4 Qc6+ 48. Kb4 Qb6+ 49. Ka3 Qe3+ 50. Kb4 Qd2+ 51. Kb5 Qb2+ (51... Qxa2 52. Qxg7#) 52. Ka5 Qc3+ (52... Qxa2 53. Qxg7#) 53. Kb6 Qc6+ 54. Ka5 Qc3+ 55. Kb6 Qc6+ 56. Ka5 Qa6+ 57. Kb4 Qb6+ $11) 44. Kc4 Bd3+ {[%emt 0:00:12] Black mates.} 45. Kd4 Bf1+ 46. Ke4 Bg2# {[%emt 0:05:42] Weighted Error Value: White=0.83/Black=0.13 (very precise) .  Loses game:     	White=2     	---        Missed win:     	---       	Black=1      Mistake:       	White=6     	---        Inaccurate:     	White=2     	Black=2      OK:         	White=8     	Black=16     Best:        	White=2     	Black=4      Strong:       	---       	Black=1} 0-1